 Dungeon Crawl Stone Soup version 0.30-a0-1112-gfb780f5df6 (webtiles) character file.

Game seed: 12175127021099903846

46 jimonade the Poker (level 3, -6/28 HPs)
             Began as a Demonspawn Gladiator on Apr 19, 2023.
             Mangled by a gnoll
             ... wielding a +0 halberd
              (14 damage)
             ... on level 1 of the Dungeon.
             The game lasted 00:02:17 (1348 turns).

jimonade the Poker (Demonspawn Gladiator)           Turns: 1348, Time: 00:02:18

Health: -6/28      AC:  7    Str: 14    XL:     3   Next: 46%
Magic:  3/3        EV: 11    Int: 11    God:
Gold:   41         SH:  0    Dex: 14    Spells: 2/2 levels left

rFire   . . .      SeeInvis .    a - +0 trident
rCold   . . .      Faith    .    (no shield)
rNeg    . . .      Spirit   .    p - +0 ring mail
rPois   .          Reflect  .    c - +0 helmet
rElec   .          Rampage  .    j - +0 cloak
rCorr   .                        (no gloves)
Will    .....                    (no boots)
Stlth   +                        (no amulet)
HPRegen 0.24/turn                (no ring)
MPRegen 0.08/turn                (no ring)

@: no status effects
A: claws 1
a: no special abilities


You were on level 1 of the Dungeon.
You visited 1 branch of the dungeon, and saw 2 of its levels.

You collected 41 gold pieces.

Inventory:

Hand Weapons
 a - a +0 trident (weapon)
 f - a +0 long sword
 m - a +0 sling
Missiles
 d - 3 throwing nets (quivered)
 e - 5 javelins
Armour
 b - a +0 leather armour
 c - a +0 helmet (worn)
 j - a +0 cloak (worn)
 p - a +0 ring mail (worn)
Jewellery
 k - a ring of ice
Scrolls
 g - a scroll of magic mapping {unknown}
 h - a scroll of blinking {unknown}
 l - 3 scrolls of identify {unknown}
 o - a scroll of noise {unknown}
Potions
 i - a potion of curing {unknown}
 n - a potion of invisibility {unknown}


   Skills:
 + Level 2.3 Fighting
 + Level 3.3 Polearms
 + Level 1.8 Throwing
 + Level 0.2 Armour
 + Level 3.2 Dodging
 + Level 0.2 Stealth


You had 2 spell levels left.
You didn't know any spells.
Your spell library was empty.

Dungeon Overview and Level Annotations

Branches:
Dungeon (2/15)

Altars:


Innate Abilities, Weirdness & Mutations

You have sharp fingernails.


Message History

There is an escape hatch in the floor here.
There is a stone staircase leading down here.
You climb downwards.
There is a stone staircase leading up here.
A gnoll opens the door.
It is wielding a +0 halberd.
A gnoll is nearby!
There is a stone staircase leading up here.
The gnoll hits you with a +0 halberd!
There is a stone staircase leading up here.
The gnoll closely misses you.
You climb upwards.
There is a stone staircase leading down here.
You hit the gnoll.
The gnoll is moderately wounded.
The gnoll closely misses you.
You hit the gnoll.
The gnoll is heavily wounded.
The gnoll hits you with a +0 halberd!
You barely miss the gnoll.
The gnoll is heavily wounded.
The gnoll hits you with a +0 halberd.
You closely miss the gnoll.
The gnoll is heavily wounded.
The gnoll hits you with a +0 halberd.
You hit the gnoll.
The gnoll is severely wounded.
The gnoll closely misses you.
You completely miss the gnoll.
The gnoll is severely wounded.
The gnoll barely misses you.
You barely miss the gnoll.
The gnoll is severely wounded.
The gnoll hits you with a +0 halberd.
* * * LOW HITPOINT WARNING * * *
The gnoll barely misses you.
You hit the gnoll but do no damage.
The gnoll is severely wounded.
The gnoll hits you with a +0 halberd!
Ouch! That really hurt!
You die...

#.#.#...................# #.##
#.#.###.####.##.#######.# #.#.
#.#.##..## #.##.# #.# #.#.
#.#......# #.##.#######.# #.#.
#.##.....###.#.......##.# #.#.
#............#.(.....##.###.#.
####.....#####.......#..)##.#.
#[......####....[......##.#.
#..........@.......#...##.#.
#...........g......######.#.
##....##.###.......# #.#.
#....##.########### #.#.
#.#.##..........# #.#.
##.#.##..#######.# #.#.
#........# #.# #.#.
##.......†# #.# #.#.
#.....###.# #.#### #.#.


You could see a gnoll.

Vanquished Creatures
  A gnoll (D:1)
  2 dart slugs (D:1)
  4 ball pythons (D:1)
  5 endoplasms (D:1)
  A giant cockroach (D:1)
  4 goblins
  A hobgoblin (D:1)
  2 quokkas (D:1)
  2 bats (D:1)
  9 frilled lizards (D:1)
  A rat (D:1)
32 creatures vanquished.

Notes
Turn   | Place    | Note
-------+----------+-------------------------------------------
     0 | D:1      | jimonade the Demonspawn Gladiator began the quest for the
                  | Orb.
     0 | D:1      | Reached XP level 1. HP: 16/16 MP: 1/1
   250 | D:1      | Gained mutation: You have sharp fingernails. [demonic
                  | ancestry]
   250 | D:1      | Reached XP level 2. HP: 21/22 MP: 2/2
   528 | D:1      | Reached XP level 3. HP: 27/27 MP: 3/3
   981 | D:2      | Found a faded altar of an unknown god.
  1348 | D:1      | Mangled by a gnoll

Illustrated notes

Levels and vault maps discovered:
D:1:      wheals_arrival_linesprint, layout_loops_ring, minmay_curled_crystal
D:2:      layout_loops_corners, basic_ecumenical_altar, mrwooster_statue_mirror,
          kennysheep_generic_room_5

Skill      XL: |  1  2 |
---------------+-------+-----
Dodging        | 3 |  3.2
Polearms       | 3 |  3.3
Fighting       | |  2.3
Throwing       | |  1.8
Armour         | |  0.2
Stealth        | |  0.2

Action                     || total
---------------------------++-------
  Melee: Trident           ||   121
         Punch             ||     1
   Stab: Sleeping          ||     2
 Armour: Leather armour    ||    29
         Ring mail         ||     3
  Dodge: Dodged            ||    60

Table legend: (Time is in decaauts)
 A = Elapsed time spent in this place.
 B = Non-inter-level travel time spent in this place.
 C = Inter-level travel time spent in this place.
 D = Time resting spent in this place.
 E = Time spent auto-exploring this place.
 F = Levels seen in this place.
 G = Mean time per level.
                   A        B        C        D        E       F      G
               +--------+--------+--------+--------+--------+-----+--------+
         Total |   1367 |   1235 |    132 |    195 |    706 |   2 |  683.5 |
       Dungeon |   1367 |   1235 |    132 |    195 |    706 |   2 |  683.5 |
               +--------+--------+--------+--------+--------+-----+--------+

Top non-repeatable levels by time:
     D:1: 1231 daAuts
     D:2: 135 daAuts
